 Dungeon Crawl Stone Soup version 0.29-a0-321-gf1c400731a (webtiles) character file.

Game seed: 13698992497762872757

51 Murumi the Ducker (level 3, -2/23 HPs)
             Began as a Vampire Monk on Apr 5, 2022.
             Slain by a gnoll
             ... wielding a +0 flail
              (9 damage)
             ... on level 1 of the Dungeon.
             The game lasted 00:04:04 (1365 turns).

Murumi the Ducker (Vampire Monk)                    Turns: 1365, Time: 00:04:05

Health: -2/23      AC:  3    Str: 10    XL:     3   Next: 57%
Magic:  3/3        EV: 13    Int: 12    God:
Gold:   40         SH:  0    Dex: 18    Spells: 2/2 levels left

rFire   . . .      SeeInvis +   a - +0 falchion
rCold   + + +      Faith    .   (no shield)
rNeg    + + +      Spirit   .   e - +0 leather armour
rPois   ∞          Reflect  .   (no helmet)
rElec   .          Harm     .   (no cloak)
rCorr   .          Rampage  .   (no gloves)
Will    .....                   (no boots)
Stlth   +++++.....              (no amulet)
HPRegen 0.00/turn               d - ring of protection from cold
MPRegen 0.08/turn               (no ring)

@: bloodless, inhibited regen
A: bloodless, fangs 3, see invisible, vampiric 2
a: Bat Form, Revivify


You were on level 1 of the Dungeon.
You visited 1 branch of the dungeon, and saw 2 of its levels.

You collected 40 gold pieces.

Inventory:

Hand Weapons
 a - a +0 falchion (weapon)
 f - a +0 hunting sling
Armour
 e - a +0 leather armour (worn)
Jewellery
 d - a ring of protection from cold (left hand)
Scrolls
 b - a scroll of teleportation
 h - 2 scrolls of fear
Potions
 c - a potion of ambrosia
 g - a potion of mutation {unknown}
 i - a potion of cancellation {unknown}


   Skills:
 - Level 3.0 Fighting
 - Level 3.0 Long Blades
 + Level 0.5 Slings
 - Level 1.0 Armour
 - Level 4.0 Dodging
 - Level 4.0 Stealth


You had 2 spell levels left.
You didn't know any spells.
Your spell library was empty.

Dungeon Overview and Level Annotations

Branches:
Dungeon (2/15)

Altars:


Innate Abilities, Weirdness & Mutations

You do not regenerate when monsters are visible.
You are frail without blood (-20% HP).
You can heal yourself when you bite living creatures.
You are immune to poison.
You have razor-sharp teeth.
You have supernaturally acute eyesight. (SInv)
You are afflicted with vampirism and can become a bat while bloodless.


Message History

The sling bullet barely misses the gnoll.
The gnoll throws a stone.
The stone closely misses you.
You shoot a sling bullet.
The sling bullet hits the gnoll but does no damage.
The gnoll is moderately wounded.
The gnoll throws a stone.
The stone hits you.
You start resting.
A gnoll is nearby!
You shoot a sling bullet. The sling bullet hits the gnoll.
The gnoll is severely wounded.
The gnoll throws a stone.
The stone completely misses you.
The gnoll throws a stone.
The stone hits you.
There is an open door here.
You start resting.
A gnoll is nearby!
You shoot a sling bullet. The sling bullet hits the gnoll.
You kill the gnoll!
Training target 4.0 for Stealth reached!
Your Stealth skill increases to level 4!
You need to enable at least one skill for training.
A gnoll is nearby!
You shoot a sling bullet. The gnoll shouts!
The sling bullet hits the gnoll.
The gnoll is moderately wounded.
A gnoll comes into view. It is wielding a +0 flail.
There is a stone staircase leading up here.
The gnoll barely misses you.
There is a stone staircase leading up here.
The gnoll hits you with a +0 spear. The gnoll closely misses you.
You climb upwards.
There is a stone staircase leading down here.
a - a +0 falchion (weapon)
The gnoll barely misses you. The gnoll hits you with a +0 spear.
The gnoll attacks as you move away! The gnoll barely misses you. x2
The gnoll attacks as you move away! The gnoll barely misses you.
The gnoll hits you from afar with a +0 spear.
The gnoll attacks as you move away! The gnoll hits you with a +0 flail!
You die...

.#.#.#...#.................#
.#.#.#.#.#.##############..#
.#>#.#.#.#.# ###########..#
.#.#.#.#.#.# #........##..###
.#.#.#.#.#.# #...>....##....##
.#.#.#.(.#.# #........##..#..###
.#.#.###.#.# ##..g..._..∩..∩..∩..
.#.#.....#.# #..g................
.#.....#.#.# #..@....)...........
...........# #.......♣..∩..∩..8..
..####.#.### #...................
.....#.#.# #...................
.....#.#.# #.#.....∩..∩..∩..∩..
...#.#.#.# #.######............
.....#.#.#####.#.................
.....#.#.#...#.#.####8..8..∩.....
.....'...#.###.#.# ##............


You could see 2 gnolls.

Vanquished Creatures
  A gnoll (D:2)
  An adder (D:2)
  A dart slug (D:1)
  5 ball pythons (D:1)
  3 bats (D:1)
  5 endoplasms (D:1)
  2 giant cockroaches (D:1)
  2 goblins
  A hobgoblin (D:1)
  2 quokkas
  3 frilled lizards
  A kobold (D:1)
27 creatures vanquished.

Vanquished Creatures (others)
  36 plants (D:2)
  4 toadstools (D:2)
40 creatures vanquished.

Grand Total: 67 creatures vanquished

Notes
Turn   | Place    | Note
-------+----------+-------------------------------------------
     0 | D:1      | Murumi the Vampire Monk began the quest for the Orb.
     0 | D:1      | Reached XP level 1. HP: 17/17 MP: 1/1
   139 | D:1      | Reached XP level 2. HP: 15/19 MP: 2/2
   634 | D:1      | Found a faded altar of an unknown god.
   762 | D:1      | Reached skill level 1 in Armour
  1162 | D:2      | Gained mutation: You are afflicted with vampirism and can
                  | become a bat while bloodless. [Vampire growth]
  1162 | D:2      | Reached XP level 3. HP: 17/23 MP: 3/3
  1365 | D:1      | Slain by a gnoll

Illustrated notes

Levels and vault maps discovered:
D:1:      lightli_arrival_noodles, layout_basic,
          hellmonk_ecumenical_altar_arch_garden
D:2:      layout_basic, serial_bayou, serial_bayou_pond_d, serial_bayou_pond_b,
          serial_bayou_shore_a, serial_bayou_lagoon_a, serial_bayou_shore_b,
          grunt_ministairs_14, minmay_gold_behind_fungi

Skill      XL: |  1  2  3 |
---------------+----------+-----
Fighting       | 3 |  3.0
Dodging        | 4 |  4.0
Armour         | 1 |  1.0
Stealth        | 4 |  4.0
Long Blades    | |  3.0
Slings         | |  0.5

Action                   || total
-------------------------++-------
Melee: Falchion          ||    56
       Bite              ||     9
       Punch             ||     1
 Fire: Hunting sling     ||     9
 Abil: Exsanguinate      ||     1
  Use: Scroll            ||     3
 Stab: Sleeping          ||    16
Armor: Leather armour    ||    10
Dodge: Dodged            ||    37

Table legend: (Time is in decaauts)
 A = Elapsed time spent in this place.
 B = Non-inter-level travel time spent in this place.
 C = Inter-level travel time spent in this place.
 D = Time resting spent in this place.
 E = Time spent auto-exploring this place.
 F = Levels seen in this place.
 G = Mean time per level.
                   A        B        C        D        E       F      G
               +--------+--------+--------+--------+--------+-----+--------+
         Total |   1378 |   1282 |     96 |     26 |    999 |   2 |  689.0 |
       Dungeon |   1378 |   1282 |     96 |     26 |    999 |   2 |  689.0 |
               +--------+--------+--------+--------+--------+-----+--------+

Top non-repeatable levels by time:
     D:1: 1163 daAuts
     D:2: 214 daAuts
